 Dungeon Crawl Stone Soup version 0.21.1-1-g345015f (webtiles) character file.

22 tidbits the Grave Robber (level 2, -1/20 HPs)
             Began as a Gnoll Necromancer on June 13, 2018.
             Slain by an iguana (11 damage)
             ... on level 4 of the Dungeon.
             The game lasted 00:03:08 (279 turns).

tidbits the Grave Robber (Gnoll Necromancer)         Turns: 279, Time: 00:03:09

Health: -1/20      AC:  2    Str: 10    XL:     2   Next: 91%
Magic:  2/7        EV: 14    Int: 17    God:
Gold:   57         SH:  0    Dex: 15    Spells: 8/10 levels left

rFire    . . .     SeeInvis .   e - +0 dagger
rCold    . . .     Gourm    .   (no shield)
rNeg     . . .     Faith    .   a - +0 robe
rPois    .         Spirit   .   (no helmet)
rElec    .         Reflect  .   (no cloak)
rCorr    .         Harm     .   (no gloves)
MR       .....                  (no boots)
Stlth    +++.......             (no amulet)
HPRegen  0.06/turn              (no ring)
MPRegen  0.10/turn              (no ring)

@: no status effects
A: distributed training, fangs 1, strong nose
a: no special abilities


You were on level 4 of the Dungeon.
You were not hungry.

You visited 1 branch of the dungeon, and saw 4 of its levels.

You collected 57 gold pieces.

Inventory:

Hand Weapons
 e - a +0 dagger (weapon)
 j - a cursed -1 blowgun
Missiles
 d - 21 arrows
 k - 4 poisoned needles
 n - 23 stones (quivered)
Armour
 a - a +0 robe (worn)
 g - a +0 shield
Scrolls
 f - a scroll of enchant weapon {unknown}
 i - a scroll of enchant armour {unknown}
 l - a scroll of remove curse {unknown}
Potions
 h - a potion of haste {unknown}
 m - 2 potions of mutation {unknown}
Books
 b - a book of Necromancy

   Spells                             Type                      Level
   a - Pain                           Necromancy                   1
   b - Animate Skeleton               Necromancy                   1
   c - Vampiric Draining              Necromancy                   3
   d - Regeneration                   Charms/Necromancy            3
   e - Animate Dead                   Necromancy                   4
   f - Borgnjor's Vile Clutch         Necromancy/Earth             5
Comestibles
 c - 2 rations


   Skills:
 + Level 0.5 Fighting
 + Level 0.5 Short Blades
 + Level 0.5 Long Blades
 + Level 0.5 Axes
 + Level 0.5 Maces & Flails
 + Level 0.5 Polearms
 + Level 0.5 Staves
 + Level 0.5 Slings
 + Level 0.5 Bows
 + Level 0.5 Crossbows
 + Level 0.5 Throwing
 + Level 0.5 Armour
 + Level 4.5 Dodging
 + Level 4.1 Stealth
 + Level 0.5 Shields
 + Level 0.5 Unarmed Combat
 + Level 4.9 Spellcasting
 + Level 0.4 Conjurations
 + Level 0.4 Hexes
 + Level 0.4 Charms
 + Level 0.4 Summonings
 + Level 7.0 Necromancy
 + Level 0.4 Translocations
 + Level 0.4 Transmutations
 + Level 0.4 Fire Magic
 + Level 0.4 Ice Magic
 + Level 0.4 Air Magic
 + Level 0.4 Earth Magic
 + Level 0.4 Poison Magic
 + Level 0.7 Invocations
 + Level 0.5 Evocations


You had 8 spell levels left.
You knew the following spells:

 Your Spells              Type           Power        Failure   Level  Hunger
a - Pain                  Necr           ####         1%          1    None
n - Animate Skeleton      Necr           N/A          1%          1    None


Dungeon Overview and Level Annotations

Branches:
Dungeon (4/15)
 Temple: D:4-7

Altars:
Yredelemnul

Annotations:
D:3 1 runed door
D:4 RottenKnight's ghost, amateur DrFE


Innate Abilities, Weirdness & Mutations

Your experience applies equally to all skills.
You have very sharp teeth.
Your uncanny sense of smell can sniff out nearby items.


Message History

You see here 3 gold pieces.
You now have 31 gold pieces (gained 3).
Found 17 gold pieces.
You see here 17 gold pieces.
You now have 48 gold pieces (gained 17).
Found a scroll labeled LUMUHE WOCSE.
You see here a scroll labeled LUMUHE WOCSE.
i - a scroll labeled LUMUHE WOCSE The kobold shoots a poisoned needle.
The poisoned needle barely misses you.
Casting: Pain
Confirm with . or Enter, or press ? or * to list all spells.
Aiming: Pain
Press: ? - help, Shift-Dir - straight line, f - kobold
Aim: a kobold, wielding an enchanted blowgun (chance to defeat MR: 93%)
The kobold writhes in agony!
Casting: Pain
Confirm with . or Enter, or press ? or * to list all spells.
Aiming: Pain
Press: ? - help, Shift-Dir - straight line, f/p - kobold
Aim: a kobold, wielding an enchanted blowgun (severely wounded, chance to defeat MR: 93%)
The kobold writhes in agony!
You kill the kobold!
You sense Yredelemnul urging you to kill the trapped human.
Found a runed door.
Things that are here:
an enchanted blowgun; 4 poisoned needles
j - an enchanted blowgun;
k - 4 poisoned needles
Found a scroll labeled HUVIUK PAIQA.
Found a basalt altar of Yredelemnul.
There is a stone staircase leading up here.
You see here a poisoned needle.
A bat comes into view.
The helpless bat fails to defend itself.
You impale the bat!!
You kill the bat!
You see here a bat corpse.
Found an emerald potion.
Unknown command.
Found 9 gold pieces.
Found a stone staircase leading down.
You see here 9 gold pieces.
You now have 57 gold pieces (gained 9).
A hobgoblin comes into view. It is wielding a club.
Casting: Pain
Confirm with . or Enter, or press ? or * to list all spells.
Aiming: Pain
Press: ? - help, Shift-Dir - straight line, f - hobgoblin
Aim: a hobgoblin, wielding a club (resting, chance to defeat MR: 93%)
The hobgoblin shouts!
The hobgoblin writhes in agony!
You kill the hobgoblin!
There is a stone staircase leading down here.
You climb downwards.
Found a scroll labeled ZEAG SIUHYCAV and 2 fuming dark potions.
There is a stone staircase leading up here.
Unknown command.
You see here a scroll labeled ZEAG SIUHYCAV.
l - a scroll labeled ZEAG SIUHYCAV You see here 2 fuming dark potions.
m - 2 fuming dark potions
Found 23 stones and a ring mail.
Found a scroll labeled PEAFYU BOPO.
You see here 23 stones.
n - 23 stones An iguana comes into view.
The iguana hisses angrily.
Casting: Pain
Confirm with . or Enter, or press ? or * to list all spells.
Aiming: Pain
Press: ? - help, Shift-Dir - straight line, f - iguana
Aim: an iguana (chance to defeat MR: 89%)
The iguana writhes in agony!
Casting: Pain
Confirm with . or Enter, or press ? or * to list all spells.
Aiming: Pain
Press: ? - help, Shift-Dir - straight line, f/p - iguana
Aim: an iguana (lightly wounded, chance to defeat MR: 89%)
The iguana writhes in agony!
Casting: Pain
Confirm with . or Enter, or press ? or * to list all spells.
Aiming: Pain
Press: ? - help, Shift-Dir - straight line, f/p - iguana
Aim: an iguana (moderately wounded, chance to defeat MR: 89%)
The iguana writhes in agony!
Casting: Pain
Confirm with . or Enter, or press ? or * to list all spells.
Aiming: Pain
Press: ? - help, Shift-Dir - straight line, f/p - iguana
Aim: an iguana (heavily wounded, chance to defeat MR: 89%)
The iguana writhes in agony!
RottenKnight's ghost (amateur Draconian Fire Elementalist) comes into view.
Casting: Pain
Confirm with . or Enter, or press ? or * to list all spells.
Aiming: Pain
Press: ? - help, Shift-Dir - straight line, f/p - iguana
Aim: an iguana (severely wounded, chance to defeat MR: 89%)
The iguana barely resists.
RottenKnight's ghost turns its malevolent gaze towards you.
The iguana bites you!
Ouch! That really hurt!
You die...

....##.###.###.#
.............
..........###.###
#............
###..##.######
#....##..#
#.##.###.######.
# #............
#@.##.######.
#l.##.# ...?##<#
.###.##.# .
#.##.# #.##.#
#.##.# W##.# #.#


You could see an iguana and RottenKnight's ghost.

Vanquished Creatures
  An adder (D:2)
  A ball python (D:3)
  A bat (D:3)
  2 giant cockroaches (D:2)
  A goblin (D:2)
  A hobgoblin (D:3)
  2 kobolds
  A quokka (D:2)
  A frilled lizard (D:2)
  A rat (D:2)
12 creatures vanquished.

Notes
Turn   | Place    | Note
-------+----------+-------------------------------------------
     0 | D:1      | tidbits the Gnoll Necromancer began the quest for the Orb.
     0 | D:1      | Reached XP level 1. HP: 13/13 MP: 6/6
    31 | D:2      | Reached XP level 2. HP: 17/20 MP: 4/7
    34 | D:2      | Learned a level 1 spell: Animate Skeleton
   187 | D:3      | Found a runed door.
   187 | D:3      | Noticed a human
   192 | D:3      | Found a basalt altar of Yredelemnul.
   279 | D:4      | Noticed RottenKnight's ghost (amateur DrFE)
   279 | D:4      | Slain by an iguana

Action                   || total
-------------------------++-------
Melee: Dagger            ||     1
 Cast: Pain              ||    21
 Stab: Sleeping          ||     1
Dodge: Dodged            ||     5

Table legend:
 A = Turns spent in this place as a percentage of turns spent in the entire game.
 B = Non-inter-level travel turns spent in this place as a percentage of non-inter-level travel turns spent in the entire game.
 C = Inter-level travel turns spent in this place as a percentage of turns spent in this place.
 D = Turns resting spent in this place as a percentage of non-inter-level travel turns spent in this place.
 E = Turns spent auto-exploring this place as a percentage of non-inter-level travel turns spent in this place.
 F = Non-inter-level travel turns spent in this place divided by the number of levels of this place that you've seen.
                   A       B       C       D       E      F
               +-------+-------+-------+-------+-------+----------------------
         Total | 100.0 | 100.0 |   0.0 |   0.0 |   0.0 |  69.8
       Dungeon | 100.0 | 100.0 |   0.0 |   0.0 |   0.0 |  69.8
               +-------+-------+-------+-------+-------+----------------------

Table legend:
 A = Kills in this place as a percentage of kills in entire the game.
 B = Kills by you in this place as a percentage of kills by you in the entire game.
 C = Kills by friends in this place as a percentage of kills by friends in the entire game.
 D = Other kills in this place as a percentage of other kills in the entire game.
 E = Experience gained in this place as a percentage of experience gained in the entire game.
 F = Experience gained in this place divided by the number of levels of this place that you have seen.
                   A       B       C       D       E      F
               +-------+-------+-------+-------+-------+----------------------
         Total | 100.0 | 100.0 |   N/A |   N/A | 100.0 |   8.0
       Dungeon | 100.0 | 100.0 |   N/A |   N/A | 100.0 |   8.0
               +-------+-------+-------+-------+-------+----------------------

Vault maps used:
D:1:      dpeg_arrival_line_fractal, minmay_tiny_reverse_x
D:2:      chequers_ecumenical_altar_simple_redux, serial_park_tiny_pond
D:3:      minmay_roachtagon, minmay_statues_item, dk_yredelemnul_ordeal
D:4:      kennysheep_big_flooded_room, kennysheep_mini, fiery_altar_vehumet,
          nicolae_overflow_crystal_walls, grunt_qazlal_clouds, marbit_many_paths
